 Dungeon Crawl Stone Soup version 0.26-a0-244-g083ca260ac (webtiles) character file.

Game seed: 10342847678221318504

61 BritishOli the Slasher (level 3, -1/28 HPs)
             Began as a Demonspawn Gladiator on July 8, 2020.
             Shot with an arrow by a centaur (5 damage)
             ... on level 2 of the Dungeon.
             The game lasted 00:01:28 (1167 turns).

BritishOli the Slasher (Demonspawn Gladiator)       Turns: 1167, Time: 00:01:29

Health: -1/28      AC:  4    Str: 15    XL:     3   Next: 83%
Magic:  3/3        EV: 13    Int:  9    God:
Gold:   20         SH:  0    Dex: 14    Spells: 2/2 levels left

rFire    . . .     SeeInvis .   a - +0 long sword
rCold    . . .     Faith    .   (no shield)
rNeg     . . .     Spirit   .   b - +0 leather armour
rPois    .         Reflect  .   c - +0 helmet
rElec    .         Harm     .   (no cloak)
rCorr    .                      (no gloves)
MR       .....                  (no boots)
Stlth    +.........             (no amulet)
HPRegen  0.09/turn              (no ring)
MPRegen  0.08/turn              (no ring)

@: very slow
A: sturdy frame 1
a: no special abilities


You were on level 2 of the Dungeon.
You were not hungry.

You visited 1 branch of the dungeon, and saw 2 of its levels.

You collected 20 gold pieces.

Inventory:

Hand Weapons
 a - a +0 long sword (weapon)
Missiles
 d - 3 throwing nets (quivered)
Armour
 b - a +0 leather armour (worn)
 c - a +0 helmet (worn)
 k - a +0 plate armour
Scrolls
 e - a scroll of identify {unknown}
 g - a scroll of random uselessness {unknown}
 i - a scroll of remove curse {unknown}
Potions
 h - a potion of ambrosia {unknown}
 j - a potion of berserk rage {unknown}
Comestibles
 f - a ration


   Skills:
 + Level 2.5 Fighting
 + Level 3.1 Long Blades
 + Level 2.3 Throwing
 + Level 1.2 Armour
 + Level 3.1 Dodging


You had 2 spell levels left.
You didn't know any spells.
Your spell library was empty.

Dungeon Overview and Level Annotations

Branches:
Dungeon (2/15)

Altars:
Cheibriados


Innate Abilities, Weirdness & Mutations

Your movements are slightly less encumbered by armour. (ER -2)


Message History

No target in view!
You see here a plate armour.
k - a plate armour Keep disrobing?
You stop removing your armour.
You enter the shallow water.
Moving in this stuff is going to be slow.
The centaur shouts!
The centaur shoots an arrow.
The arrow closely misses you.
You hear a splash.
The centaur shoots an arrow.
The arrow hits you.
The centaur shoots an arrow.
The arrow misses you.
You hear a splash.
The centaur shoots an arrow.
The arrow hits you!
You hear a splash.
You see here 3 arrows.
The centaur shoots an arrow.
The arrow hits you!
* * * LOW HITPOINT WARNING * * *
The centaur shoots an arrow.
The arrow hits you.
You die...

.....###.#### #.####.##
............##.####.#.#
......c.......... #)..#
#..........##.## #.###
#[..........†..# #.#
#........†..# #[#
#...........####.#.#
#........≈(≈.....#.#
#.......≈≈≈≈@#####.#
########≈≈.≈≈<####.#
#≈≈≈≈≈...†..#
##≈≈≈######## ##_## ###


You could see a centaur.

Vanquished Creatures
  Jessica (D:2)
  An adder (D:2)
  An ooze (D:2)
  A dart slug (D:2)
  A leopard gecko (D:1)
  2 bats (D:1)
  A giant cockroach (D:2)
  3 goblins
  4 hobgoblins (D:1)
  A quokka (D:2)
  2 rats
18 creatures vanquished.

Notes
Turn   | Place    | Note
-------+----------+-------------------------------------------
     0 | D:1      | BritishOli the Demonspawn Gladiator began the quest for the
                  | Orb.
     0 | D:1      | Reached XP level 1. HP: 16/16 MP: 1/1
   267 | D:1      | Gained mutation: Your movements are slightly less
                  | encumbered by armour. (ER -2) [demonic ancestry]
   267 | D:1      | Reached XP level 2. HP: 21/22 MP: 2/2
   631 | D:2      | Reached XP level 3. HP: 21/28 MP: 3/3
   634 | D:2      | Noticed a centaur
   643 | D:2      | HP: 1/28 [centaur/arrow (8)]
   977 | D:2      | Found a snail-covered altar of Cheibriados.
   982 | D:2      | Noticed Jessica
   988 | D:2      | Killed Jessica
   988 | D:2      | Reached skill level 1 in Armour
  1167 | D:2      | Shot with an arrow by a centaur

Illustrated notes

Levels and vault maps discovered:
D:1:      dpeg_arrival_concentric_ovals, layout_basic
D:2:      minmay_angry_zag, layout_basic,
          grunt_temple_overflow_order_and_chaos_1, lemuel_round_altar,
          kennysheep_slug_shrine, uniq_jessica, uniq_robin

Skill      XL: |  1  2  3 |
---------------+----------+-----
Throwing       | 2 |  2.3
Long Blades    | 3 |  3.1
Armour         | 1 |  1.2
Dodging        | 3 |  3.1
Fighting       | |  2.5

Action                   || total
-------------------------++-------
Melee: Long sword        ||    45
  Eat: Ration            ||     1
Armor: Leather armour    ||    18
Dodge: Dodged            ||    38
       Rpst.: Long sword ||    12

Table legend:
 A = Non-vault XP
 B = Vault XP
 C = Vault XP percentage of total XP
 D = Non-vault monster count
 E = Vault monster count
 F = Vault count percentage of total count
                 A         B        C        D         E       F
            +---------+---------+-------+---------+---------+-------
      Total |      47 |      41 |  46.6 |      16 |       2 |  11.1
            +---------+---------+-------+---------+---------+-------
        D:1 |      20 |       0 |   0.0 |      10 |       0 |   0.0
        D:2 |      27 |      41 |  60.3 |       6 |       2 |  25.0
            +---------+---------+-------+---------+---------+-------
